 Dungeon Crawl Stone Soup version 0.31-a0-1008-g5b978dac0e (webtiles) character file.

Game seed: 16273055655745230966

276789 BinkBink the Warrior (level 19, -26/184 HPs)
             Began as a Minotaur Fighter on Nov 12, 2023.
             Was the Champion of Okawaru.
             Killed from afar by a deep elf sorcerer (38 damage)
             ... with damnation
             ... on level 3 of the Elven Halls.
             The game lasted 01:09:51 (36642 turns).

BinkBink the Warrior (Minotaur Fighter)            Turns: 36642, Time: 01:09:51

Health: -26/184    AC: 33    Str: 35    XL:     19   Next: 59%
Magic:  29/29      EV:  4    Int:  8    God:    Okawaru [******]
Gold:   2266       SH: 37    Dex: 11    Spells: 18/18 levels left

rFire   . . .        M - +8 broad axe of an ossuary {freeze, Str+4}
rCold   + . .        S - +18 shield of the Gong {Loud rN+ Will+ rCorr EV-5}
rNeg    + . .        a - +10 plate armour "Kadiuxk Lots" {rElec rC+ Int+3}
rPois   .            g - +2 hat {SInv}
rElec   +            P - +2 cloak {Stlth+}
rCorr   +            A - +2 pair of gloves {Str+3}
SInv    +            x - +1 pair of boots
Will    ++...        B - amulet of reflection Stlth
                     u - +4 ring of protection
HPRegen 0.50/turn    F - ring of flight
MPRegen 0.21/turn

%: reflection
@: corroded, flying
A: horns 2, retaliatory headbutt, inability to drink after injury 1
}: 2/15 runes: decaying, gossamer
a: Renounce Religion, Heroism, Finesse, Duel


You were on level 3 of the Elven Halls.
You worshipped Okawaru.
Okawaru was exalted by your worship.
You visited 7 branches of the dungeon, and saw 34 of its levels.
You visited 1 bazaar.
You also visited: Gauntlet.

You collected 3085 gold pieces.
You spent 819 gold pieces at shops.

Inventory:

Hand Weapons
 c - a +3 broad axe
 M - the +8 broad axe of an ossuary (weapon) {freeze, Str+4}
   (Okawaru gifted it to you on level 1 of the Orcish Mines)

   Str+4:     It affects your strength (+4).
Missiles
 k - 2 javelins
 o - 6 throwing nets
 I - 31 boomerangs (quivered)
 Q - 27 silver javelins
Armour
 a - the +10 plate armour "Kadiuxk Lots" (worn) {rElec rC+ Int+3}
   (Okawaru gifted it to you on level 1 of the Orcish Mines)

   Int+3:     It affects your intelligence (+3).
   rC+:       It protects you from cold.
   rElec:     It insulates you from electricity.
 g - a +2 hat of see invisible (worn)
 s - the +2 hat of Sandy Brilliance {Rampage Regen+}
   (You found it on level 3 of the Spider Nest)

   Regen+:    It increases your rate of health regeneration.
   Rampage:   It bestows one free step when moving towards enemies.
 x - a +1 pair of boots (worn)
 A - a +2 pair of gloves of strength (worn)
 P - a +2 cloak of stealth (worn)
 S - the +18 shield of the Gong (worn) {Loud rN+ Will+ rCorr EV-5}
   (You took it off a minotaur in a Gauntlet)

   Loud:      It is deafeningly noisy when blocking attacks.
   EV-5:      It affects your evasion (-5).
   rN+:       It protects you from negative energy.
   Will+:     It increases your willpower.
   rCorr:     It protects you from acid and corrosion.
Jewellery
 u - a +4 ring of protection (left hand)
 v - a +4 ring of slaying
 y - an amulet of guardian spirit
 B - an amulet of reflection (around neck)
 D - a ring of ice
 F - a ring of flight (right hand)
 H - a +5 ring of evasion
 L - the ring "Gedop" {Fire rN++}
   (You took it off an orc on level 11 of the Dungeon)

   [ring of fire]

   Fire:      It enhances your fire magic.
   rF+:       It protects you from fire.
   rC-:       It makes you vulnerable to cold.
   rN++:      It greatly protects you from negative energy.
 U - a ring of fire
 V - a +4 ring of protection
Wands
 C - a wand of digging (7)
Scrolls
 d - 3 scrolls of fear
 h - 2 scrolls of brand weapon
 i - 13 scrolls of teleportation
 l - 10 scrolls of poison
 n - 4 scrolls of amnesia
 p - 5 scrolls of fog
 q - 9 scrolls of identify
 r - 5 scrolls of immolation
 t - 5 scrolls of enchant armour
 w - 2 scrolls of vulnerability
 N - a scroll of silence
 T - 7 scrolls of enchant weapon
 Z - a scroll of torment
Potions
 b - 2 potions of lignification
 e - 10 potions of heal wounds
 f - a potion of berserk rage
 m - 4 potions of resistance
 z - 4 potions of haste
 E - 7 potions of ambrosia
 G - 9 potions of enlightenment
 J - 5 potions of might
 K - a potion of brilliance
 O - 8 potions of curing
 R - 5 potions of mutation
 W - a potion of cancellation
 X - 4 potions of attraction
 Y - a potion of magic


   Skills:
 + Level 19.8 Fighting
 - Level 18.0 Axes
 + Level 10.4 Throwing
 + Level 19.7 Armour
 + Level 19.6 Shields
 - Level 15.0 Invocations


You had 18 spell levels left.
You didn't know any spells.
Your spell library contained the following spells:

 Spells                   Type           Power      Damage    Failure   Level
 Apportation              Tloc           0%         N/A       87%         1
 Kiss of Death            Conj/Necr      0%         2d5       87%         1
 Magic Dart               Conj           0%         1d3       87%         1
 Necrotise                Necr           0%         1d4       87%         1
 Sandblast                Erth           0%         2d4       87%         1
 Cigotuvi's Dreadful Rot  Necr/Pois/Air  0%         N/A       95%         2
 Jinxbite                 Hex            0%         N/A       95%         2
 Passwall                 Tmut/Erth      0%         N/A       95%         2
 Poisonous Vapours        Pois/Air       0%         N/A       95%         2
 Searing Ray              Conj           0%         2d4       95%         2
 Sublimation of Blood     Necr           0%         N/A       95%         2
 Confusing Touch          Hex            0%         N/A       99%         3
 Dazzling Flash           Conj/Hex       0%         N/A       99%         3
 Ignite Poison            Fire/Tmut/Pois 0%         N/A       99%         3
 Mephitic Cloud           Conj/Pois/Air  0%         N/A       99%         3
 Stone Arrow              Conj/Erth      0%         3d7       99%         3
 Vampiric Draining        Necr           0%         2d6       99%         3
 Volatile Blastmotes      Fire/Tloc      0%         2d10      99%         3
 Brom's Barrelling Bould  Conj/Erth      0%         2d3       100%        4
 Dispel Undead            Necr           0%         3d6       100%        4
 Fulminant Prism          Conj/Hex       0%         3d5       100%        4
 Olgreb's Toxic Radiance  Pois           0%         N/A       100%        4
 Passage of Golubria      Tloc           0%         N/A       100%        4
 Petrify                  Tmut/Erth      0%         N/A       100%        4
 Sticky Flame             Conj/Fire      0%         2d3       100%        4
 Vhi's Electric Charge    Tloc/Air       0%         N/A       100%        4
 Agony                    Necr           0%         N/A       100%        5
 Alistair's Intoxication  Tmut/Pois      0%         N/A       100%        5
 Arcjolt                  Conj/Air       0%         1d10      100%        5
 Freezing Cloud           Conj/Ice/Air   0%         6-21      100%        5
 Irradiate                Conj/Tmut      0%         3d11      100%        5
 Lee's Rapid Deconstruct  Erth           0%         3d4*      100%        5
 Yara's Violent Unravell  Hex/Tmut       0%         3d3       100%        5
 Plasma Beam              Fire/Air       0%         2x1d10    100%        6
 Starburst                Conj/Fire      0%         6d3       100%        6
 Discord                  Hex            0%         N/A       100%        8
 Ignition                 Fire           0%         3d3       100%        8
 Maxwell's Capacitive Co  Air            0%         ∞         100%        8
 Call Imp                 Summ           Unusable   N/A       N/A         2
 Tukima's Dance           Hex            Unusable   N/A       N/A         3
 Animate Armour           Summ/Erth      Unusable   N/A       N/A         4
 Summon Lightning Spire   Summ/Air       Unusable   N/A       N/A         4

Dungeon Overview and Level Annotations

Branches:
Dungeon (15/15)            Temple (1/1) D:6            Lair (5/5) D:11
  Swamp (4/4) Lair:3       Spider (4/4) Lair:3        Slime (0/5) Lair:5
    Orc (2/2) D:11            Elf (3/3) Orc:2        Vaults (0/5) D:14
 Depths (0/4) D:15        Gauntlet (visited)

Altars:
Ashenzari
Cheibriados
Dithmenos
Elyvilon
Fedhas
Gozag
Hepliaklqana
Kikubaaqudgha
Makhleb
Nemelex Xobeh
Okawaru
Qazlal
Ru
Sif Muna
Trog
Uskayaw
Vehumet
Wu Jian
Xom
Yredelemnul
Zin
The Shining One
Jiyva

Shops:
D:8 :   Orc:1 *   Orc:2 *[(=   Elf:3 [

Portals:
Trove: D:12 (give +7 demon blade)

Annotations:
Spider:2 1 runed translucent door, Iluol's ghost, adept TrSh


Innate Abilities, Weirdness & Mutations

You have a pair of horns on your head.
You reflexively headbutt those who attack you in melee.
You occasionally lose the ability to drink potions when taking damage.


Message History

The deep elf sorcerer is moderately wounded.
You barely miss the deep elf annihilator.
The deep elf annihilator gestures at you while chanting.
The crystal spear hits you!!!
The deep elf sorcerer casts a spell.
The deep elf sorcerer seems to speed up.
You block the deep elf sorcerer's attack.
GONNNNG!
You hear a shout! x4
You are too injured to fight recklessly!
You are too injured to fight recklessly!
Unknown command.
You are too injured to fight recklessly!
You are too injured to fight recklessly!
Unknown command.
You block the deep elf annihilator's attack.
PTOANNNG!
You hear a shout!
The deep elf sorcerer points at you and mumbles some strange words.
The bolt of acid hits you! You resist. The acid corrodes you!
The deep elf annihilator casts a spell.
The deep elf annihilator blinks!
The deep elf high priest calls down the wrath of its god upon you.
Something smites you!
The deep elf sorcerer casts a spell at you.
The bolt of acid misses you.
Things that are here:
a +0 long sword; an elf corpse The deep elf sorcerer casts a spell at you.
The sphere of damnation explodes!
The damnation engulfs you!!
* * * LOW HITPOINT WARNING * * *
The deep elf sorcerer casts a spell at you.
The sphere of damnation explodes!
The damnation engulfs you!!
* * * LOW HITPOINT WARNING * * *
You hear a shout!
Blink to where?
Press: ? - help, Dir - move target
As you read the scroll of blinking, it crumbles to dust.
There is an open door here.
The deep elf sorcerer casts a spell at you.
The sphere of damnation explodes!
The damnation engulfs you!!!
You die...

#.# ##..... #e#
##...... ###e#
#....... ##...##
#....... #.....#
#....... #.....#
#....... #.....#
#....... ##...'##
##...... ##'##@##
##'.....
#.###.#####
##.##.... #.#
##.##.###.#####'#
#.# ##'...#'##
#.# #.# ##.....##
#.# #.#
##.......## #.#
#.# #.........#
#.# #.#
##.......######'#
#.#
##.....'###.....


You could see 2 deep elf sorcerers.

Vanquished Creatures
  Mara (Elf:3)
  Bai Suzhen (Spider:3)
  A caustic shrike (shapeshifter) (D:15)
  Nikola (Spider:4)
  Arachne (Spider:2)
  Mlioglotl (Swamp:4)
  Jorgrun (D:12)
  2 tentacled monstrosities (Swamp:4)
  Asterion (Elf:3)
  A thorn hunter (Swamp:3)
  Aizul (Elf:3)
  Donald (Spider:4)
  3 fenstrider witches (Swamp:4)
  The ghost of Fitotwer the Nimble, an adept KoAr of Ashenzari (Spider:3)
  7 emperor scorpions
  3 ghost moths
  Louise (Elf:2)
  3 deep elf sorcerers
  2 ghouls
  2 very ugly things (D:15)
  Nessos (Lair:4)
  2 broodmothers (Spider:4)
  5 eleionomae
  A deep elf annihilator (Elf:1)
  A minotaur (Gauntlet)
  3 bunyips
  3 spark wasps
  A green death (Swamp:4)
  A blizzard demon (Swamp:4)
  3 shambling mangroves (Swamp:4)
  9 hydras
  A rakshasa (D:14)
  The ghost of Troll the Severer, a journeyman HOFi of Gozag (D:10)
  Josephine (D:11)
  2 vault guards (D:14)
  A deep elf high priest (Elf:3)
  4 entropy weavers
  Erolcha (D:11)
  A catoblepas (Lair:2)
  3 ogre magi
  A spriggan air mage (Swamp:4)
  4 ghost crabs
  12 alligators
  2 radroaches
  A merfolk avatar (Lair:5)
  6 centaur warriors
  3 jorogumos
  13 two-headed ogres
  An ironbound frostheart (D:14)
  25 dancing weapons
  7 boulder beetles
  4 tengu warriors
  2 death yaks (Lair:3)
  2 occultists
  9 demonic crawlers
  The ghost of kal9871 the Mimic, a novice OgSh of Makhleb (D:7)
  Nergalle (D:11)
  16 deep elf knights
  3 soul eaters (Swamp:4)
  4 pharaoh ants
  5 skeletal warriors (D:12)
  5 skysharks
  2 goliath frogs
  A glowing orange brain (D:15)
  2 sun moths
  Lodul (D:13)
  A sixfirhy (Swamp:4)
  4 death drakes
  7 spriggan druids
  2 deep trolls
  17 orb spiders
  An orange crystal statue (Elf:2)
  8 steelbarb worms
  10 deep elf archers
  2 spectral wolf spiders (Gauntlet)
  2 arcanists (Swamp:4)
  5 swamp dragons
  12 bog bodies
  31 deep elf pyromancers
  20 deep elf zephyrmancers
  The ghost of kal9871 the Zephyrmancer, a novice TeAE of Sif Muna (D:8)
  18 wolf spiders
  2 orc knights
  12 ugly things
  An orc sorcerer (Orc:2)
  4 will-o-the-wisps
  5 cyclopes
  7 manticores
  20 elephants
  2 moths of wrath (Spider:3)
  5 black mambas
  An ice statue (D:14)
  5 torpor snails
  7 cane toads
  4 gargoyles
  Maurice (D:11)
  An unseen horror (D:11)
  Maggie (D:8)
  5 rime drakes
  9 komodo dragons
  3 tengu conjurers
  An efreet (D:15)
  3 meliai (Spider:2)
  13 trolls
  18 hornets
  10 tyrant leeches
  A hellwing (Swamp:4)
  5 polar bears
  A tarantella (shapeshifter) (D:15)
  A wolf spider simulacrum (Gauntlet)
  29 tarantellas
  28 blink frogs
  33 jumping spiders
  18 culicivoras
  11 slime creatures
  A water elemental (Elf:2)
  3 centaur simulacra (Gauntlet)
  A shadow (D:10)
  6 wyverns
  12 spriggans
  38 yaks
  2 vampires
  8 wraiths
  A fire elemental (Elf:1)
  A human (D:14)
  4 chaos spawn (Swamp:4)
  47 redbacks
  3 steam dragons
  3 basilisks
  Edmund (D:5)
  12 vampire mosquitoes
  A warg (Orc:1)
  14 swamp worms
  3 acid dragons
  11 water moccasins
  2 sky beasts (D:8)
  A spectral hornet (Gauntlet)
  2 swamp drakes
  2 ice beasts
  32 ogres
  26 orc warriors
  10 wolves
  4 boggarts (D:14)
  2 phantoms
  10 centaurs
  3 kobold brigands
  12 bullfrogs
  A cane toad simulacrum (Gauntlet)
  6 scorpions
  5 wights
  An earth elemental (Elf:2)
  13 killer bees
  5 howler monkeys
  4 hounds
  Crazy Yiuf (D:4)
  19 orc priests
  A sleepcap (D:5)
  2 gnoll boudas
  Natasha (thrice) (D:2)
  5 iguanas
  20 orc wizards
  3 gnolls (Orc:1)
  7 adders
  2 shadow imps (D:7)
  A white imp (D:5)
  3 worms
  A dart slug (D:1)
  54 orcs
  9 ball pythons
  7 endoplasms
  7 giant cockroaches
  3 goblins
  3 hobgoblins
  3 jackals (D:2)
  20 kobolds
  5 quokkas
  3 bats
  5 frilled lizards
  2 rats (D:2)
1123 creatures vanquished.

Vanquished Creatures (others)
  A fenstrider witch (Swamp:4)
  A ghost moth (Spider:3)
  An eleionoma (Swamp:3)
  An orc sorcerer (Swamp:4)
  2 bloated husks
  A jumping spider (Spider:4)
  A culicivora (Spider:3)
  A boggart (Elf:1)
  6 foxfires
  2 starspawn tentacles (Swamp:4)
17 creatures vanquished.

Grand Total: 1140 creatures vanquished

Notes
Turn   | Place    | Note
-------+----------+-------------------------------------------
     0 | D:1      | BinkBink the Minotaur Fighter began the quest for the Orb.
     0 | D:1      | Reached XP level 1. HP: 19/19 MP: 0/0
   281 | D:1      | Reached XP level 2. HP: 27/27 MP: 1/1
  1163 | D:2      | Reached XP level 3. HP: 23/33 MP: 2/2
  1228 | D:2      | Found a burning altar of Makhleb.
  1490 | D:2      | Noticed Natasha
  1494 | D:2      | Killed Natasha
  1495 | D:2      | Reached XP level 4. HP: 39/40 MP: 3/3
  1559 | D:2      | Noticed Natasha
  1572 | D:2      | Killed Natasha
  1572 | D:2      | Noticed Natasha
  1591 | D:2      | Killed Natasha
  1592 | D:2      | Reached XP level 5. HP: 22/47 MP: 4/4
  2075 | D:3      | Identified the +1 chain mail of Chill Winds {Regen+ rCorr
                  | Int+3}
  2428 | D:3      | Found a glowing silver altar of Zin.
  2542 | D:4      | Noticed an ogre
  2642 | D:4      | Found a broken altar of Ashenzari.
  2686 | D:4      | Noticed an ogre
  2695 | D:4      | Killed an ogre
  2696 | D:4      | Reached skill level 5 in Fighting
  2696 | D:4      | Reached skill level 5 in Axes
  2696 | D:4      | Reached skill level 5 in Shields
  2696 | D:4      | Reached XP level 6. HP: 47/56 MP: 5/5
  2767 | D:4      | Reached skill level 5 in Armour
  3007 | D:4      | Reached XP level 7. HP: 42/61 MP: 6/6
  3211 | D:4      | Found a runed translucent door.
  3212 | D:4      | Noticed Crazy Yiuf
  3342 | D:4      | Identified the +2 dagger of the Smoking Gods {freeze, Will-
                  | Int+3 Dex+8}
  3630 | D:5      | Entered Level 5 of the Dungeon
  3782 | D:5      | Noticed Edmund
  3809 | D:5      | Killed Edmund
  3810 | D:5      | Reached XP level 8. HP: 17/70 MP: 7/7
  3970 | D:5      | Identified the +1 ring mail of Action {rPois SInv Stlth+}
  4392 | D:6      | Found a staircase to the Ecumenical Temple.
  4398 | Temple   | Entered the Ecumenical Temple
  4472 | Temple   | Became a worshipper of Warmaster Okawaru
  5383 | D:7      | Reached * piety under Okawaru
  5388 | D:7      | Paralysed by an orc for 5 turns
  5401 | D:7      | Noticed a slime creature
  5423 | D:7      | Found a transporter.
  5426 | D:7      | Found a transporter.
  5426 | D:7      | Noticed kal9871's ghost (novice OgSh)
  5540 | D:7      | Reached XP level 9. HP: 73/79 MP: 8/8
  5740 | D:7      | Found a burning altar of Makhleb.
  5892 | D:8      | Reached ** piety under Okawaru
  5893 | D:8      | Reached skill level 10 in Axes
  5903 | D:8      | Found a snail-covered altar of Cheibriados.
  5958 | D:8      | Found Alamu's Book Emporium.
  6124 | D:8      | Found a transporter.
  6129 | D:8      | Noticed a troll
  6133 | D:8      | Noticed kal9871's ghost (novice TeAE)
  6137 | D:8      | Found a transporter.
  6178 | D:8      | Found an ancient bone altar of Kikubaaqudgha.
  6181 | D:8      | Found a blossoming altar of Fedhas.
  6188 | D:8      | Noticed Maggie
  6200 | D:8      | Killed Maggie
  6478 | D:9      | Noticed a two-headed ogre
  6492 | D:9      | Killed a two-headed ogre
  6493 | D:9      | Reached skill level 1 in Invocations
  6493 | D:9      | Reached XP level 10. HP: 67/90 MP: 7/9
  6626 | D:9      | Reached *** piety under Okawaru
  7318 | D:9      | Noticed a two-headed ogre
  7329 | D:9      | Killed a two-headed ogre
  7334 | D:9      | Reached **** piety under Okawaru
  7453 | D:10     | Entered Level 10 of the Dungeon
  7643 | D:10     | Reached ***** piety under Okawaru
  7644 | D:10     | Reached XP level 11. HP: 76/99 MP: 12/12
  7688 | D:10     | Found a runed translucent door.
  7689 | D:10     | Noticed Troll's ghost (journeyman HOFi)
  8314 | D:11     | Noticed a two-headed ogre
  8321 | D:11     | Killed a two-headed ogre
  8442 | D:11     | Reached skill level 10 in Fighting
  8557 | D:11     | Noticed Maurice
  8592 | D:11     | Paralysed by something for 5 turns
  8595 | D:11     | Something stole a ring of flight
  8601 | D:11     | Something stole a throwing net
  8605 | D:11     | Something stole 161 gold
  8606 | D:11     | Killed Maurice
  8607 | D:11     | Reached skill level 10 in Armour
  8672 | D:11     | Reached skill level 10 in Shields
  8698 | D:11     | Noticed Erolcha
  8710 | D:11     | Killed Erolcha
  8766 | D:11     | Found a staircase to the Lair.
  8832 | D:11     | Noticed a two-headed ogre
  8842 | D:11     | Killed a two-headed ogre
  8858 | D:11     | Noticed Josephine
  8877 | D:11     | Killed Josephine
  8877 | D:11     | Received a gift from Okawaru
  8997 | D:11     | Identified the ring "Gedop" {Fire rN++}
  9005 | D:11     | Found a staircase to the Orcish Mines.
  9154 | D:11     | Noticed Nergalle
  9190 | D:11     | Killed Nergalle
  9191 | D:11     | Reached skill level 5 in Invocations
  9489 | D:11     | Identified the +2 scale mail of the Gloaming {rF++}
  9973 | D:12     | Noticed a brown ugly thing
  9982 | D:12     | Killed a brown ugly thing
 10061 | D:12     | Noticed Jorgrun
 10178 | Lair:5   | Identified the of Kaenub
 10178 | Orc:1    | Entered Level 1 of the Orcish Mines
 10209 | D:11     | Reached XP level 12. HP: 68/108 MP: 13/15
 10351 | Orc:1    | Found a transporter.
 10354 | Orc:1    | Found Suroe's Assorted Antiques.
 10434 | Orc:1    | Found a transporter.
 10439 | Orc:1    | Bought a scroll labelled JUESIUSSUU for 25 gold pieces
 10439 | Orc:1    | Bought a fuming dark potion for 22 gold pieces
 10771 | Orc:1    | Found a shimmering blue altar of Sif Muna.
 10929 | Orc:2    | Entered Level 2 of the Orcish Mines
 10940 | Orc:2    | Noticed an ogre mage
 10950 | Orc:2    | Noticed a two-headed ogre
 10953 | Orc:2    | Noticed a two-headed ogre
 10974 | Orc:1    | Killed a two-headed ogre
 11038 | Orc:2    | Noticed a two-headed ogre
 11140 | Orc:1    | Killed a two-headed ogre
 11140 | Orc:1    | Reached ****** piety under Okawaru
 11141 | Orc:1    | Reached skill level 15 in Axes
 11179 | Orc:1    | Acquired the +8 broad axe of an ossuary {freeze, Str+4}
 11179 | Orc:1    | Received a gift from Okawaru
 11183 | Orc:1    | Acquired the +10 plate armour "Kadiuxk Lots" {rElec rC+
                  | Int+3}
 11183 | Orc:1    | Received a gift from Okawaru
 11204 | Orc:2    | Noticed an ogre mage
 11210 | Orc:2    | Killed a two-headed ogre
 11343 | Orc:1    | Killed an ogre mage
 11343 | Orc:1    | Received a gift from Okawaru
 11419 | Orc:2    | Noticed a two-headed ogre
 11421 | Orc:2    | Noticed a two-headed ogre
 11423 | Orc:2    | Noticed a two-headed ogre
 11426 | Orc:2    | Noticed a two-headed ogre
 11427 | Orc:2    | Killed a two-headed ogre
 11438 | Orc:1    | Killed a two-headed ogre
 11440 | Orc:1    | Killed a two-headed ogre
 11512 | Orc:2    | Killed a two-headed ogre
 11513 | Orc:2    | Received a gift from Okawaru
 11516 | Orc:2    | Killed an ogre mage
 11518 | Orc:2    | Noticed a two-headed ogre
 11521 | Orc:2    | Reached XP level 13. HP: 92/118 MP: 17/17
 11631 | Orc:2    | Found Oteugieq's Jewellery Boutique.
 11793 | Orc:2    | Found Bavun's Antique Weapon Emporium.
 11801 | Orc:2    | Found Duchyunaj's Antique Armour Shop.
 11802 | Orc:2    | Found Xosuag's General Store.
 11832 | Orc:2    | Bought a scroll of identify for 24 gold pieces
 11907 | Orc:2    | Bought a scroll of blinking for 90 gold pieces
 12125 | Orc:2    | Found a staircase to the Elven Halls.
 12226 | Lair:1   | Entered Level 1 of the Lair of Beasts
 12256 | Lair:1   | Received a gift from Okawaru
 13580 | Lair:2   | Received a gift from Okawaru
 13719 | Lair:2   | Found a hide-covered altar of Uskayaw.
 13720 | Lair:2   | Found an ornate altar of the Wu Jian Council.
 14813 | Lair:3   | Received a gift from Okawaru
 14952 | Lair:3   | Reached XP level 14. HP: 92/129 MP: 19/19
 15054 | Lair:3   | Found a hole to the Spider Nest.
 15073 | Lair:3   | Received a gift from Okawaru
 15123 | Lair:3   | Found a staircase to the Swamp.
 16074 | Lair:4   | Noticed Nessos
 16083 | Lair:4   | Killed Nessos
 16410 | Lair:5   | Entered Level 5 of the Lair of Beasts
 16432 | Lair:5   | Received a gift from Okawaru
 16611 | Lair:5   | Found a viscous altar of Jiyva.
 16642 | Lair:5   | Found a staircase to the Slime Pits.
 16800 | Lair:5   | Received a gift from Okawaru
 17903 | D:12     | Killed Jorgrun
 18127 | D:12     | Found a portal to a secret trove of treasure.
 18135 | D:12     | Received a gift from Okawaru
 18170 | D:12     | Reached XP level 15. HP: 119/139 MP: 21/21
 18254 | D:12     | Reached skill level 10 in Invocations
 18598 | D:13     | Noticed Lodul
 18613 | D:13     | Killed Lodul
 19136 | D:14     | Found a gateway to a bazaar.
 19148 | Bazaar   | Entered a bazaar
 19174 | Bazaar   | Found Uffoagus's Antique Weapon Shoppe.
 19175 | Bazaar   | Found Vamutowu's Antique Weapon Shoppe.
 19218 | Bazaar   | Found Nolir's Distillery.
 19218 | Bazaar   | Found Kemp's Magic Scroll Emporium.
 19240 | Bazaar   | Bought a scroll of immolation for 56 gold pieces
 19240 | Bazaar   | Bought a scroll of teleportation for 42 gold pieces
 19240 | Bazaar   | Bought a scroll of enchant weapon for 105 gold pieces
 19252 | Bazaar   | Bought 2 potions of curing for 78 gold pieces
 19252 | Bazaar   | Bought a potion of curing for 39 gold pieces
 19252 | Bazaar   | Bought a potion of mutation for 104 gold pieces
 19252 | Bazaar   | Bought a potion of curing for 39 gold pieces
 19252 | Bazaar   | Bought a potion of heal wounds for 65 gold pieces
 19252 | Bazaar   | Bought a potion of resistance for 130 gold pieces
 19314 | D:14     | Found a gate leading to a gauntlet.
 19321 | Gauntlet | Entered a Gauntlet
 19321 | Gauntlet | Found a transporter.
 19321 | Gauntlet | Found a transporter.
 19342 | Gauntlet | Found a transporter.
 19343 | Gauntlet | Found a transporter.
 19350 | Gauntlet | Found a transporter.
 19354 | Gauntlet | Found a transporter.
 19362 | Gauntlet | Found a transporter.
 19382 | Gauntlet | Found a transporter.
 19399 | Gauntlet | Found a transporter.
 19403 | Gauntlet | Found a transporter.
 19411 | Gauntlet | Found a transporter.
 19415 | Gauntlet | Found a transporter.
 19591 | Gauntlet | Received a gift from Okawaru
 19594 | Gauntlet | Reached skill level 15 in Fighting
 19909 | D:14     | Reached skill level 15 in Armour
 20094 | D:14     | Reached skill level 15 in Shields
 20095 | D:14     | Received a gift from Okawaru
 20650 | D:14     | Found a gate to the Vaults.
 20744 | D:15     | Entered Level 15 of the Dungeon
 21003 | D:15     | Received a gift from Okawaru
 21016 | D:15     | Noticed a fire giant
 21022 | D:15     | a fire giant changed into a quicksilver dragon
 21022 | D:15     | Noticed a quicksilver dragon (glowing shapeshifter)
 21023 | D:15     | a quicksilver dragon changed into a frost giant
 21023 | D:15     | Noticed a frost giant (glowing shapeshifter)
 21025 | D:15     | a frost giant changed into a fire giant
 21025 | D:15     | Noticed a fire giant (glowing shapeshifter)
 21027 | D:15     | a fire giant changed into a caustic shrike
 21027 | D:15     | Noticed a caustic shrike (glowing shapeshifter)
 21029 | D:15     | Killed a caustic shrike
 21174 | D:15     | Found a staircase to the Depths.
 21468 | Spider:1 | Identified the "Hageir"
 21468 | Swamp:1  | Entered Level 1 of the Swamp
 21485 | Swamp:1  | Received a gift from Okawaru
 21507 | Swamp:1  | Reached XP level 16. HP: 139/151 MP: 23/23
 21788 | Swamp:1  | Identified the +0 robe of Courage {Int+2}
 22087 | Swamp:1  | Reached skill level 1 in Throwing
 22093 | Swamp:1  | Received a gift from Okawaru
 23642 | Swamp:3  | Noticed a thorn hunter
 23653 | Swamp:3  | Killed a thorn hunter
 23653 | Swamp:3  | Received a gift from Okawaru
 24007 | Swamp:4  | Entered Level 4 of the Swamp
 24050 | Swamp:4  | Noticed Mlioglotl
 24056 | Swamp:4  | Noticed a tentacled starspawn
 24067 | Swamp:4  | Killed Mlioglotl
 24219 | Swamp:4  | Received a gift from Okawaru
 25543 | Swamp:4  | Reached XP level 17. HP: 152/161 MP: 25/25
 25556 | Swamp:4  | Reached skill level 5 in Throwing
 25556 | Swamp:4  | Noticed a tentacled monstrosity
 25572 | Swamp:4  | Killed a tentacled monstrosity
 26179 | Swamp:4  | Received a gift from Okawaru
 26180 | Swamp:4  | Noticed a tentacled monstrosity
 26192 | Swamp:4  | Killed a tentacled monstrosity
 26235 | Swamp:4  | Got a decaying rune of Zot
 26629 | Spider:1 | Entered Level 1 of the Spider Nest
 27922 | Spider:2 | Noticed Arachne
 27934 | Spider:2 | Received a gift from Okawaru
 27940 | Spider:2 | Killed Arachne
 28062 | Spider:2 | Found a runed translucent door.
 28066 | Spider:2 | Noticed Iluol's ghost (adept TrSh)
 28206 | Spider:2 | Received a gift from Okawaru
 28348 | Spider:2 | Gained mutation: You occasionally lose the ability to drink
                  | potions when taking damage. [mutagenic glow]
 29244 | D:4      | Killed Crazy Yiuf
 29378 | D:7      | Killed kal9871's ghost
 29563 | D:8      | Killed kal9871's ghost
 29718 | D:10     | Killed Troll's ghost
 30208 | Spider:3 | Noticed Bai Suzhen
 30222 | Spider:3 | Killed Bai Suzhen
 30222 | Spider:3 | Received a gift from Okawaru
 30224 | Spider:3 | Reached XP level 18. HP: 101/172 MP: 3/27
 30400 | Spider:3 | Found a transporter.
 30423 | Spider:3 | Noticed Fitotwer's ghost (adept KoAr)
 30661 | Spider:3 | Found a transporter.
 30986 | Spider:3 | Killed Fitotwer's ghost
 31015 | Spider:3 | Identified the +1 mace of Ointment {elec, rN+ Dex+4}
 31021 | Spider:3 | Identified the +2 hat of Sandy Brilliance {Rampage Regen+}
 31224 | Spider:4 | Entered Level 4 of the Spider Nest
 31444 | Spider:4 | Paralysed by a jorogumo for 1 turns
 31469 | Spider:4 | Noticed Donald
 31498 | Spider:4 | Killed Donald
 31778 | Spider:4 | Received a gift from Okawaru
 31879 | Spider:4 | Noticed Nikola
 31908 | Spider:4 | Killed Nikola
 32162 | Spider:4 | Received a gift from Okawaru
 32691 | Spider:4 | Got a gossamer rune of Zot
 32978 | WizLab   | Identified the of Lonlot Byuti
 32978 | WizLab   | Identified the of Luapuk
 32978 | Elf:1    | Entered Level 1 of the Elven Halls
 33026 | Elf:1    | Received a gift from Okawaru
 33403 | Elf:1    | Received a gift from Okawaru
 33404 | Elf:1    | Reached XP level 19. HP: 124/182 MP: 27/29
 34199 | Elf:2    | Noticed Louise
 34216 | Elf:2    | Killed Louise
 34373 | Elf:2    | Found a huge runed translucent gate.
 34373 | Elf:2    | Found a huge runed translucent gate.
 34373 | Elf:2    | Found a huge runed translucent gate.
 34373 | Elf:2    | Found a huge runed translucent gate.
 34377 | Elf:2    | Found a huge runed translucent gate.
 35192 | Elf:2    | Received a gift from Okawaru
 35219 | Elf:2    | Reached skill level 15 in Invocations
 35282 | Elf:2    | Reached skill level 10 in Throwing
 35756 | Elf:3    | Identified the of Emoul
 35756 | Elf:3    | Identified the of Xanyedd
 35756 | Elf:3    | Entered Level 3 of the Elven Halls
 35756 | Elf:3    | Identified the serpent talisman of Dacigopsim {rC+ Str-4
                  | Int+2 Dex+5}
 35756 | Elf:3    | Noticed Aizul
 35756 | Elf:3    | Found Ytogobodd's Armour Shop.
 35768 | Elf:3    | Killed Aizul
 35887 | Elf:3    | Noticed Asterion
 35906 | Elf:3    | Killed Asterion
 35920 | Elf:3    | Noticed Mara
 35922 | Elf:3    | Noticed BinkBink's illusion
 35956 | Elf:3    | Killed Mara
 35956 | Elf:3    | Received a gift from Okawaru
 36635 | Elf:3    | HP: 8/184 [deep elf sorcerer/damnation (33)]
 36642 | Elf:3    | Killed from afar by a deep elf sorcerer

Illustrated notes

Levels and vault maps discovered:
D:1:      tarquinn_simple_flora_water_f, layout_loops_corners, serial_forest,
          infiniplex_forest_end_2, infiniplex_forest_corner_1,
          infiniplex_forest_lined_4_way, infiniplex_forest_corner_1,
          infiniplex_forest_straight_1
D:2:      layout_rooms, basic_altar, minmay_worlds_worst_comb, uniq_natasha
D:3:      layout_loops_cross, zin_scriptorium
D:4:      layout_loops_corners, cheibrodos_ashenzari_chains,
          uniq_crazy_yiuf_cottage
D:5:      layout_rooms, nrook_mini_vaults, uniq_edmund
D:6:      layout_loops_cross, minmay_temple_entry_hall, serial_aquarium,
          aquarium_bridge_square [aquarium_subvault_wall,
          aquarium_subvault_bridge, aquarium_subvault_bridge,
          aquarium_subvault_window], aquarium_bridge_straight
          [aquarium_subvault_bridge, aquarium_subvault_window,
          aquarium_subvault_bridge, aquarium_subvault_wall],
          aquarium_window_corridor_1, aquarium_window_fake, aquarium_window_1,
          aquarium_window_fake, aquarium_view_2e, aquarium_view_2d
D:7:      layout_rooms, mainiacjoe_overflow_surrounded_room, nzn_ghost_randoct
D:8:      layout_basic, nicolae_overflow_crystal_walls,
          grunt_temple_overflow_growth_and_decay, gammafunk_ghost_arena,
          serial_shops, nicolae_shop_trees, uniq_maggie
D:9:      layout_long_grid
D:10:     layout_grid_maze, gammafunk_ghost_grave
D:11:     layout_basic, lair_entry_dummy, erik_orc_1, serial_curves,
          eino_curves_02, eino_curves_04, serial_library_hellmonk_room_a,
          minmay_variable_closet, kennysheep_decorative_pillar, uniq_nergalle,
          uniq_maurice, uniq_josephine, uniq_erolcha
D:12:     layout_basic, enter_trove_2, serial_bayou_pond_a, kennysheep_boxes,
          uniq_jorgrun
D:13:     layout_small_grid, uniq_lodul
D:14:     layout_irregular_city, hellmonk_vaults_keyhole, nrook_campfire,
          gauntlet_entry_generic, serial_shops, statue_bzr
D:15:     gammafunk_enter_depths_forms, layout_rooms, corexii_leaking_fountain
Temple:   minmay_temple_bridge_d
Lair:1:   layout_cave_pods
Lair:2:   layout_misc_corridors, st_stairs_7, nzn_masters_of_martial_movement
Lair:3:   layout_hall_layers, swamp_mist, spider_nest_entry_web_field,
          infiniplex_staircase_pool_2
Lair:4:   layout_loops_ring, uniq_nessos
Lair:5:   gammafunk_lair_ancient_temple, layout_regular_city, slime_entry_1
Swamp:1:  layout_falls_marsh, evilmike_swamp_ruin_rubble_1, swamp_pool_1_2,
          st_shrine_of_shade, infiniplex_staircase_pool
Swamp:2:  layout_basic_swamp, serial_swamp_ruin, evilmike_swamp_ruin_house_5,
          evilmike_swamp_ruin_house_1
Swamp:3:  layout_basic_swamp, evilmike_swamp_ruin_rubble_2
Swamp:4:  nzn_swamp_witches_coven, layout_basic_swamp, uniq_mlioglotl
Spider:1: layout_cave_pods
Spider:2: layout_spider_delve, gammafunk_ghost_grave,
          nicolae_spider_cling_halls, uniq_arachne
Spider:3: layout_spider_delve, gammafunk_ghost_berserking_beasts,
          uniq_bai_suzhen
Spider:4: guppyfry_spider_rune, uniq_nikola, uniq_donald
Orc:1:    layout_diamond_mine, serial_shops, nicolae_shop_drivethru,
          nicolae_orc_stony_grotto, kennysheep_orc_sif_temple
Orc:2:    st_orc_open, layout_caves
Elf:1:    minmay_elf_arrival_summoners, layout_onion_city,
          hangedman_elf_disciples, hangedman_elf_represent,
          lemuel_upstairs_altar
Elf:2:    elven_hall_of_blades_hangedman_alternative
          [nicolae_blade_entry_antechamber], layout_geoelf_octagon,
          minivault_16, uniq_louise
Elf:3:    minmay_elf_hall_dome, layout_geoelf_diagonals, serial_shops, shop,
          uniq_asterion, uniq_aizul, uniq_mara

Skill      XL: |  1  2  3  4  5  6  7  8  9 10 11 12 13 14 15 16 17 18 19 |
---------------+----------------------------------------------------------+-----
Axes           | 3 4 5 6 7 9 11 12 14 15 17 18 | 18.0
Fighting       | 4 5 6 7 8 9 10 12 13 14 16 17 18 19 | 19.8
Shields        | 4 5 6 7 8 9 10 11 12 14 15 16 17 18 19 | 19.6
Armour         | 4 5 6 7 8 9 10 12 13 14 15 17 18 19 | 19.7
Invocations    | 1 3 5 6 8 9 11 12 13 14 15 | 15.0
Throwing       | 4 7 9 10 | 10.4

Action                     |  1- 3 |  4- 6 |  7- 9 | 10-12 | 13-15 | 16-18 | 19-21 || total
---------------------------+-------+-------+-------+-------+-------+-------+-------++-------
  Melee: War axe           |   146 |   110 |   324 |   538 |       |       |       ||  1118
         Headbutt          |    31 |    22 |    56 |   127 |   181 |   281 |    71 ||   769
         Broad axe         |       |       |       |    52 |   870 |  1217 |   272 ||  2411
  Throw: Throwing net      |       |       |       |       |       |     3 |       ||     3
         Boomerang         |       |       |       |       |       |     2 |       ||     2
 Invoke: Heroism           |       |       |     1 |     4 |     1 |       |       ||     6
         Receive Weapon    |       |       |       |     1 |       |       |       ||     1
         Receive Armour    |       |       |       |     1 |       |       |       ||     1
    Use: Potion            |       |     1 |     4 |     5 |     1 |     2 |       ||    13
         Scroll            |       |       |     9 |     4 |    13 |     2 |     2 ||    30
   Stab: Petrified         |       |       |       |       |     1 |       |       ||     1
 Armour: Scale mail        |     8 |       |       |       |       |       |       ||     8
         Plate armour      |    67 |    50 |       |    28 |   661 |   501 |    83 ||  1390
         Chain mail        |       |    36 |   290 |   441 |       |       |       ||   767
         Skin              |       |       |    11 |       |       |       |       ||    11
  Dodge: Dodged            |    25 |    27 |   110 |   154 |   189 |    52 |     9 ||   566
  Block: Buckler           |    16 |    27 |    84 |   286 |   321 |       |       ||   734
         Reflection        |       |       |       |     6 |    47 |    34 |    37 ||   124
         Kite shield       |       |       |       |       |   179 |  1492 |   235 ||  1906

Table legend: (Time is in decaauts)
 A = Elapsed time spent in this place.
 B = Non-inter-level travel time spent in this place.
 C = Inter-level travel time spent in this place.
 D = Time resting spent in this place.
 E = Time spent auto-exploring this place.
 F = Levels seen in this place.
 G = Mean time per level.
                   A        B        C        D        E       F      G
               +--------+--------+--------+--------+--------+-----+--------+
         Total |  36202 |  33372 |   2830 |   5917 |  20867 |  36 | 1005.6 |
       Dungeon |  13822 |  12532 |   1290 |    608 |   9316 |  15 |  921.5 |
        Temple |    149 |      6 |    143 |      0 |      0 |   1 |  149.0 |
          Lair |   5887 |   5266 |    621 |    670 |   3828 |   5 | 1177.4 |
         Swamp |   5034 |   4838 |    196 |   2220 |   1828 |   4 | 1258.5 |
   Spider Nest |   5163 |   4749 |    414 |   1263 |   2388 |   4 | 1290.8 |
  Orcish Mines |   1925 |   1858 |     67 |    513 |    913 |   2 |  962.5 |
   Elven Halls |   3583 |   3485 |     98 |    529 |   2334 |   3 | 1194.3 |
        Bazaar |    114 |    114 |      0 |      0 |     88 |   1 |  114.0 |
      Gauntlet |    521 |    521 |      0 |    113 |    170 |   1 |  521.0 |
               +--------+--------+--------+--------+--------+-----+--------+

Top non-repeatable levels by time:
    D:11: 1976 daAuts
 Swamp:3: 1939 daAuts
  Lair:1: 1711 daAuts
   Elf:2: 1567 daAuts
Spider:4: 1460 daAuts
 Swamp:1: 1386 daAuts
  Lair:5: 1364 daAuts
Spider:1: 1361 daAuts
Spider:2: 1236 daAuts
   Orc:1: 1186 daAuts
     D:4: 1167 daAuts
     D:1: 1164 daAuts
   Elf:1: 1155 daAuts
 Swamp:4: 1104 daAuts
Spider:3: 1104 daAuts
